Map: Ephemeron LE

Players

pHARM - Winner!

  • Race: Zerg Zerg
  • League: Platinum
  • Spawn Location: 5:00

Killpretty

  • Race: Protoss Protoss
  • League: Platinum
  • Spawn Location: 11:00

VOD

Have the link to the VOD?

Description

Time

  • Played on: Sept. 1, 2019, 9:15 a.m.
  • Length: 17:19
Show
View Real Time Build Order
Export as new Build Order

pHARM Zerg - Winner!

Build Orders: Pool First 

Get SALT Encoding   

  12  0:01  Drone  
  13  0:13  Overlord  
  13  0:21  Drone  
  14  0:31  Drone x2  
  16  0:43  Drone  
  17  0:56  Drone  
  18  1:12  Spawning Pool  
  18  1:17  Drone x2  
  19  1:19  Hatchery  
  18  1:27  Drone  
  19  1:44  Drone  
  19  1:46  Hatchery  
  19  1:48  Drone  
  20  2:00  Extractor  
  19  2:02  Queen  
  19  2:07  Spine Crawler  
  20  2:17  Roach Warren  
  20  2:20  Drone  
  20  2:21  Drone  
  21  2:38  Queen  
  23  3:01  Drone x6  
  29  3:20  Roach  
  29  3:21  Roach  
  29  3:23  Overlord  
  29  3:24  Overlord  
  33  3:52  Lair  
  33  4:00  Roach x4  
  41  4:03  Drone x4  
  41  4:04  Queen  
  47  4:14  Drone x3  
  50  4:35  Pneumatized Carapace  
  50  4:37  Overlord x2  
  50  4:56  Extractor  
  50  4:57  Extractor  
  50  4:58  Evolution Chamber  
  47  5:01  Drone x10  
  47  5:02  Evolution Chamber, Drone x2  
  58  5:13  Hydralisk Den  
  57  5:29  Drone x2  
  57  5:30  Drone x7  
  57  5:32  Overlord x4  
  64  6:00  Hydralisk  
  64  6:01  Hydralisk x5  
  64  6:02  Hydralisk  
  76  6:15  Hydralisk x2  
  72  6:34  Drone x9  
  81  7:00  Extractor  
  80  7:07  Extractor  
  79  7:11  Grooved Spines  
  79  7:16  Extractor  
  79  7:20  Zerg Missile Weapons Level 1, Infestation Pit  
  79  7:22  Zerg Ground Armor Level 1  
  77  7:24  Drone x8  
  77  7:25  Drone x4  
  89  7:46  Drone x3  
  89  7:47  Drone  
  93  8:10  Hive  
  93  8:14  Spire, Hatchery  
  93  8:18  Queen  
  93  8:22  Muscular Augments  
  93  8:46  Roach x2  
  93  8:47  Overlord  
  93  8:48  Overlord x7  
  97  8:49  Overlord x4  
  97  9:26  Zerg Flyer Armor Level 1  
  97  9:27  Corruptor x3  
  97  9:28  Corruptor x10  
  118  10:02  Drone  
  118  10:03  Hatchery  
  118  10:04  Roach  
  120  10:19  Zerg Missile Weapons Level 2  
  120  10:20  Zerg Ground Armor Level 2  
  120  10:30  Extractor  
  120  10:31  Extractor  
  120  10:34  Spine Crawler  
  117  10:37  Drone x15, Spine Crawler  
  117  10:39  Spine Crawler  
  130  11:58  Roach x14  
  130  11:59  Roach x4  
  163  12:30  Zerg Flyer Armor Level 2  
  163  12:45  Overlord x6  
  163  12:46  Overlord x2  
  163  12:51  Queen  
  163  12:57  Hatchery  
  164  13:01  Corruptor x2  
  164  13:03  Corruptor x6  
  180  13:23  Drone x3  
  180  13:24  Drone  
  184  13:27  Corruptor x4  
  184  13:28  Corruptor  
  194  13:34  Corruptor  
  194  13:35  Corruptor x2  
  194  13:40  Glial Reconstitution  
  200  13:43  Zerg Missile Weapons Level 3  
  200  13:44  Zerg Ground Armor Level 3  
  166  14:07  Corruptor  
  166  14:08  Corruptor x14  
  166  14:18  Corruptor  
  166  14:19  Corruptor  
  154  14:31  Corruptor x3  
  140  14:48  Corruptor  
  140  14:49  Corruptor x2  
  136  15:04  Roach  
  136  15:05  Roach x11  
  152  15:42  Roach x15  
  174  15:53  Roach  
  168  16:04  Extractor  
  157  16:10  Extractor  
  150  16:15  Extractor  
  145  16:19  Roach x3  
  145  16:20  Roach x12  
  195  17:07  Hatchery  
Show
View Real Time Build Order
Export as new Build Order

Killpretty Protoss 

Build Orders: Carriers 

Get SALT Encoding   

  12  0:01  Probe  
  13  0:13  Probe  
  14  0:20  Pylon  
  14  0:25  Probe  
  15  0:38  Gateway, Probe  
  16  1:00  Gateway, Probe  
  17  1:17  Probe  
  18  1:20  Pylon  
  18  1:23  Zealot  
  20  1:38  Zealot  
  20  1:39  Pylon  
  22  1:47  Zealot  
  24  2:03  Forge  
  24  2:05  Zealot  
  24  2:10  Zealot  
  28  2:27  Nexus  
  28  2:33  Zealot  
  30  2:41  Zealot  
  32  2:47  Probe, Assimilator  
  33  3:01  Probe  
  34  3:09  Probe  
  34  3:10  Cybernetics Core  
  35  3:25  Photon Cannon  
  35  3:30  Pylon  
  35  3:41  Probe  
  36  3:49  Probe  
  36  3:52  Photon Cannon  
  36  3:54  Photon Cannon  
  37  3:58  Assimilator  
  37  3:59  Probe  
  37  4:02  Sentry  
  40  4:05  Warp Gate  
  40  4:07  Probe  
  41  4:11  Probe  
  42  4:20  Probe  
  43  4:25  Probe  
  44  4:34  Stalker x2  
  44  4:37  Probe  
  49  4:42  Probe  
  49  4:45  Probe  
  50  4:50  Pylon  
  51  4:59  Probe  
  51  5:01  Assimilator  
  52  5:13  Stalker x2  
  56  5:16  Probe  
  57  5:24  Gateway  
  57  5:26  Gateway  
  57  5:28  Probe  
  57  5:29  Photon Cannon  
  58  5:40  Twilight Council  
  58  5:41  Probe  
  57  6:09  Probe x2  
  53  6:27  Stalker x2  
  49  6:35  Probe  
  48  6:43  Assimilator, Charge  
  48  6:50  Probe, Zealot x2  
  48  6:51  Zealot x2  
  56  6:59  Probe  
  58  7:20  Zealot x4, Nexus  
  66  7:25  Pylon  
  66  7:26  Pylon  
  66  7:42  Zealot x2  
  66  7:43  Zealot  
  72  7:45  Zealot  
  72  7:49  Pylon  
  74  7:56  Photon Cannon  
  74  7:58  Shield Battery  
  74  8:02  Shield Battery  
  74  8:05  Stargate  
  74  8:09  Stargate  
  74  8:12  Probe  
  74  8:13  Zealot, Assimilator  
  74  8:14  Zealot x3  
  83  8:20  Probe  
  84  8:41  Assimilator  
  84  8:47  Probe  
  84  8:49  Fleet Beacon, Protoss Ground Weapons Level 1  
  84  8:53  Zealot x2  
  84  8:54  Zealot x2  
  93  8:55  Probe  
  94  9:11  Probe  
  95  9:17  Pylon  
  95  9:20  Stargate  
  95  9:23  Probe  
  96  9:24  Photon Cannon  
  96  9:27  Photon Cannon  
  96  9:33  Carrier  
  96  9:34  Carrier  
  90  9:45  Probe  
  75  9:53  Probe  
  75  9:55  Templar Archives, Carrier  
  70  10:02  Photon Cannon  
  76  10:26  Zealot  
  76  10:27  Zealot x3  
  76  10:28  Protoss Air Weapons Level 1, Carrier  
  84  10:33  Gateway, Carrier  
  84  10:35  Gateway  
  96  10:52  Zealot  
  96  10:53  Zealot  
  96  10:55  Probe  
  101  10:57  Probe  
  102  11:07  Protoss Shields Level 1  
  102  11:09  Probe  
  103  11:18  Psionic Storm  
  103  11:24  Zealot x4  
  111  11:49  Pylon  
  111  11:51  Pylon  
  111  11:54  Shield Battery  
  111  12:07  Mothership  
  119  12:08  Void Ray x2  
  127  12:24  Void Ray  
  131  12:36  Stargate  
  131  12:38  Pylon  
  131  12:41  High Templar  
  131  12:43  Pylon  
  133  12:57  Pylon  
  133  12:59  Pylon  
  133  13:00  Tempest  
  133  13:01  High Templar  
  133  13:02  High Templar x3  
  133  13:03  High Templar  
  143  13:05  Tempest  
  143  13:08  Tempest  
  148  13:18  Pylon  
  148  13:19  Pylon  
  158  13:30  Robotics Facility  
  158  13:51  Protoss Shields Level 2  
  156  14:01  Archon x2  
  156  14:02  Archon  
  108  14:10  Carrier x2  
  106  14:25  High Templar  
  106  14:26  High Templar x4  
  116  14:33  Nexus  
  116  14:36  Carrier, Assimilator  
  106  14:50  Carrier  
  89  15:05  High Templar  
  97  15:15  Photon Cannon  
  91  15:37  Archon x2  
  91  15:38  Archon  
  71  15:52  Zealot  
  71  15:53  Zealot x3  
  63  16:02  Zealot  
  53  16:12  Gateway  
  53  16:14  Zealot x2  
  53  16:15  Zealot x3  
  53  16:16  Gateway  
  53  16:17  Gateway  
  61  16:24  Zealot  
  51  16:40  Zealot x5  
  61  16:48  Pylon, Zealot  
  63  16:59  Zealot  
  63  17:00  Zealot x3  
  71  17:02  Zealot  
Tags
 
Composition
Carriers
Matchup
PvZ
Opening
Pool First
Replay Pack
10.7.19
Spawn Locations
Cross Positions
Add a new tag
Caveats
  • Supply blocks, unpowered buildings, or Contaminate may cause inaccurate times.
  • Supply counts are checked every 10 seconds.